cohdb
Replays
Latest Replays
All Replays
Popular Replays
Top Player Replays
Match Explorer
How It Works
Community
CoH3 Stats
Reddit
Sign in to upload your games and track your stats! →
Sign in with Steam
Match 45657072
Unlisted
Match 45657072
Overview
Messages
Build Orders
End
Selects Australian Defense Battlegroup
Selects Australian Light Infantry Section
Australian Light Infantry Section
Construct Section Command Post
ML 3-inch Mortar Team
Infantry Section
Construct Platoon Command Post
Unlock Bishop Self-propelled Artillery
Australian Light Infantry Section
CMP 15cwt Truck
Bishop Self-propelled Artillery
A_Smoove
The_Honey_Bear
junjjang
niceyhi
pyometronguts
惜花芷
漂泊的蛋
Voltsommer
0
0
Comments
sign in to comment!
No comments posted yet!